 Dungeon Crawl Stone Soup version 0.12.2-14-g7c90c79 (webtiles) character file.

135 MarVin the Skirmisher (level 3, -2/30 HPs)
             Began as a Demonspawn Fighter on Aug 5, 2013.
             Slain by Sigmund
             ... wielding a +0,+0 scythe of freezing
              (3 damage)
             ... on Level 2 of the Dungeon.
             The game lasted 00:03:54 (1687 turns).

MarVin the Skirmisher (Demonspawn Fighter)          Turns: 1687, Time: 00:03:54

HP  -2/30        AC  9     Str 17      XL: 3   Next: 71%
MP   2/2         EV  5     Int  9      God:
Gold 79          SH 18     Dex 12      Spells:  0 memorised,  2 levels left

Res.Fire  : . . .   See Invis. : .   r - -2,+0 hand axe
Res.Cold  : . . .   Warding    : .   b - +0 scale mail
Life Prot.: . . .   Conserve   : .   c - +0 shield
Res.Poison: .       Res.Corr.  : .   q - +0 helmet
Res.Elec. : .       Clarity    : .   (no cloak)
Sust.Abil.: . .     Spirit.Shd : .   l - +0 pair of gauntlets
Res.Mut.  : .       Stasis     : .   (no boots)
Res.Rott. : .       Ctrl.Telep.: .   (no amulet)
Saprovore : . . .   Flight     : .   (no ring)
                                     (no ring)

@: not resistant to hostile enchantments, extremely unstealthy
A: no striking features
a: no special abilities


You were on level 2 of the Dungeon.
You were not hungry.

You visited 1 branch of the dungeon, and saw 2 of its levels.

You collected 59 gold pieces.

Inventory:

Hand weapons
 a - a +0,+0 hand axe {=f}
 r - a -2,+0 hand axe (weapon)
Armour
 b - a +0 scale mail (worn)
 c - a +0 shield (worn)
 l - a +0 pair of gauntlets (worn)
 q - a +0 helmet (worn)
Comestibles
 d - a bread ration
 g - a rotting chunk of worm flesh
 j - a chunk of giant newt flesh
 n - a pear
 w - a chunk of quokka flesh
 x - a rotting chunk of hobgoblin flesh
Scrolls
 h - 2 scrolls of fear {unknown}
 m - 2 scrolls of remove curse {unknown}
 o - a scroll of teleportation {unknown}
 v - a scroll of curse armour {unknown}
 y - 2 scrolls of random uselessness {unknown}
Jewellery
 e - a cursed ring of teleportation
 p - an uncursed ring of flight {unknown}
 s - a +2 ring of evasion {unknown}
 A - an uncursed ring of fire {unknown}
Potions
 f - a potion of confusion {unknown}
 i - a potion of poison {unknown}
 k - a potion of invisibility {unknown}
 t - 2 potions of curing {unknown}
 u - 2 potions of heal wounds {unknown}
 z - a potion of cure mutation {unknown}


   Skills:
 + Level 3.4 Fighting
 + Level 2.1 Axes
 + Level 3.4 Armour
 + Level 0.5 Dodging
 + Level 2.9 Shields


You had 2 spell levels left.
You didn't know any spells.

Dungeon Overview and Level Annotations

Branches:
Dungeon (2/27)

Altars:
Trog
Zin

Annotations
D:2 Sigmund


Message History

Found 10 gold pieces.
You hit it. It hits you. It freezes you.
You hit it but do no damage. It hits you but does no damage.
You hit it.
You hear some strange, mumbled words.
The magic dart hits you!
You miss it.
You hear some strange, mumbled words.
You are confused.
Ouch! It hits you. It freezes you.
* * * LOW HITPOINT WARNING * * *
You miss it. It hits you but does no damage.
You closely miss it. It hits you but does no damage.
You closely miss it. You completely miss it.
You feel less confused. It hits you!
* * * LOW HITPOINT WARNING * * *
It freezes you.
You die...

##### ########
....# #.....@#
###.# #.####.#
#.#######.# $S.#
#>........# #...#
########### .....
######### .......
#.......# .......#
#
#.......####...###
# #.......# ...


You could see an adder.

Vanquished Creatures
  An adder (D:2)
  A worm (D:2)
  2 giant geckos (D:1)
  An ooze (D:1)
  A giant cockroach (D:1)
  6 goblins
  4 hobgoblins
  5 kobolds
  A quokka (D:2)
  A ball python (D:1)
  4 bats
  3 giant newts
  2 jackals (D:1)
  3 rats
35 creatures vanquished.

Vanquished Creatures (others)
  An ooze (D:2)
  A goblin (D:2)
2 creatures vanquished.

Grand Total: 37 creatures vanquished

Notes
Turn   | Place    | Note
--------------------------------------------------------------
     0 | D:1      | MarVin, the Demonspawn Fighter, began the quest for the Orb.
     0 | D:1      | Reached XP level 1. HP: 18/18 MP: 0/0
   277 | D:1      | Reached XP level 2. HP: 24/24 MP: 1/1
   855 | D:1      | Reached XP level 3. HP: 30/30 MP: 2/2
  1581 | D:2      | Found a glowing silver altar of Zin.
  1581 | D:2      | Found a bloodstained altar of Trog.
  1669 | D:2      | Noticed Sigmund
  1687 | D:2      | HP: 1/30 [something (8)]
  1687 | D:2      | Slain by Sigmund

Action                   || total
-------------------------++-------
Melee: Hand axe          ||   158
  Use: Scroll            ||     4
